 Dungeon Crawl Stone Soup version 0.23.2 (webtiles) character file.

Game seed: 6501773825975652728

98 Kairos the Skirmisher (level 5, 0/42 HPs)
             Began as a Formicid Abyssal Knight on Apr 9, 2019.
             Was a Follower of Lugonu.
             Succumbed to an orc wizard's poison
             ... on level 3 of the Dungeon.
             The game lasted 00:04:59 (2101 turns).

Kairos the Skirmisher (Formicid Abyssal Knight)     Turns: 2101, Time: 00:05:00

Health: 0/42       AC: 18    Str: 17    XL:     5   Next: 1%
Magic:  6/6        EV:  6    Int: 12    God:    Lugonu [*.....]
Gold:   156        SH:  0    Dex: 15    Spells: 4/4 levels left

rFire    + . .     SeeInvis +   f - +1 lajatang (vamp)
rCold    + . .     Gourm    .   (no shield)
rNeg     . . .     Faith    .   k - +2 crystal plate armour (curse)
rPois    +         Spirit   .   (helmet unavailable)
rElec    +         Reflect  .   (no cloak)
rCorr    +         Harm     +   (no gloves)
MR       .....                  (no boots)
Stlth    ..........             l - amulet of harm
HPRegen  0.14/turn              (no ring)
MPRegen  0.10/turn              (no ring)

@: agile, lethally poisoned (0 -> -40), resistant
A: permanent stasis, dig shafts and tunnels, four strong arms, antennae 3
a: Dig, Shaft Self, Depart the Abyss, Renounce Religion


You were on level 3 of the Dungeon.
You worshipped Lugonu.
Lugonu was aware of your devotion.
You were hungry.

You visited 1 branch of the dungeon, and saw 3 of its levels.
You visited the Abyss 1 time.

You collected 156 gold pieces.

Inventory:

Hand Weapons
 a - a +1 spear
 f - a +1 vampiric lajatang (weapon)
Armour
 b - a +0 leather armour
 k - a cursed +2 crystal plate armour (worn)
Jewellery
 l - an amulet of harm (around neck)
Scrolls
 d - a scroll of blinking {unknown}
 e - a scroll of magic mapping
 h - a scroll of immolation {unknown}
 i - a scroll of teleportation {unknown}
 m - a scroll of remove curse {unknown}
 o - a scroll of fear {unknown}
Potions
 n - a potion of magic
Comestibles
 c - 5 rations


   Skills:
 + Level 3.8 Fighting
 - Level 2.0(2.7) Polearms
 + Level 2.8(3.1) Staves
 + Level 3.1 Armour
 + Level 1.1 Dodging
 + Level 2.3 Invocations


You had 4 spell levels left.
You didn't know any spells.
Your spell library was empty.

Dungeon Overview and Level Annotations

Branches:
Dungeon (3/15)

Altars:


Innate Abilities, Weirdness & Mutations

You cannot be hasted, slowed, berserked, paralysed or teleported.
You can dig through walls and to a lower floor.
Your four strong arms can wield two-handed weapons with a shield.
You have a pair of large antennae on your head. (SInv)


Message History

You are too injured to fight recklessly!
You are too injured to fight recklessly!
You slash the orc wizard!
You kill the orc wizard!
Lugonu accepts your kill.
You have reached level 5!
* * * LOW HITPOINT WARNING * * *
You feel very sick.
The leopard gecko bites you but does no damage.
It was a potion of resistance.
You feel protected.
* * * LOW HITPOINT WARNING * * *
You feel very sick.
The leopard gecko bites you but does no damage.
* * * LOW HITPOINT WARNING * * *
You feel very sick.
* * * LOW HITPOINT WARNING * * *
You feel very sick.
You feel agile all of a sudden.
You die...

*** ## ***** *,* #. ,,,,*
#.#####################. ***,*
#..or.l@................ *,*
#.################...... *,* *,*
#.###.. *,* *,* #.# #.#
***,******,*************###.###.#
,,,,,,,,,,,,,,,,,,,,,,,,.........
*,,,,,,,,,,,,,,,,,,,,,,,.......†.
***,******,,,,,,,,,,,,,,.......##
,,,,,,,,,,,,,*,,,,,,,,*,#####..#.


You could see an orc, a leopard gecko and a rat.

Vanquished Creatures
  An orc wizard (D:3)
  2 adders (D:2)
  An ooze (D:1)
  A leopard gecko (D:2)
  2 orcs (D:3)
  2 giant cockroaches (D:1)
  7 goblins
  4 hobgoblins
  8 kobolds
  7 bats
  5 frilled lizards (D:1)
  6 rats
46 creatures vanquished.

Vanquished Creatures (others)
  4 starspawn tentacles (Abyss:2)
4 creatures vanquished.

Grand Total: 50 creatures vanquished

Notes
Turn   | Place    | Note
-------+----------+-------------------------------------------
     0 | Abyss:1  | Kairos the Formicid Abyssal Knight began the quest for the
                  | Orb.
     0 | Abyss:1  | Reached XP level 1. HP: 18/18 MP: 2/2
   171 | Abyss:2  | Noticed a chaos spawn
   216 | Abyss:2  | Noticed a tentacled starspawn
   223 | Abyss:2  | Noticed a tentacled starspawn
   226 | Abyss:2  | Noticed a chaos spawn
   231 | Abyss:2  | Noticed a smoke demon
   235 | Abyss:2  | Noticed a wretched star
   236 | D:1      | Escaped the Abyss
   265 | D:1      | Reached XP level 2. HP: 23/24 MP: 3/3
   346 | D:1      | Reached * piety under Lugonu
   376 | D:1      | Reached skill level 1 in Dodging
   716 | D:1      | Reached skill level 1 in Staves
   716 | D:1      | Reached XP level 3. HP: 27/29 MP: 4/4
  1412 | D:2      | Reached XP level 4. HP: 35/37 MP: 5/5
  2097 | D:3      | Reached XP level 5. HP: 18/42 MP: 6/6
  2101 | D:3      | Succumbed to an orc wizard's poison

Skill      XL: |  1  2  3  4 |
---------------+-------------+-----
Dodging        | 1 |  1.1
Staves         | 1 2 |  2.8
Armour         | 3 |  3.1
Fighting       | |  3.8
Polearms       | |  2.0
Invocations    | |  2.3

Action                   |  1- 3 |  4- 6 || total
-------------------------+-------+-------++-------
Melee: Lajatang          |   184 |    90 ||   274
Invok: Depart the Abyss  |     1 |       ||     1
 Abil: Dig               |    10 |       ||    10
  Use: Potion            |     1 |     2 ||     3
       Scroll            |       |     6 ||     6
  Eat: Ration            |     2 |       ||     2
       Chunk             |     1 |     1 ||     2
Armor: Leather armour    |    24 |       ||    24
       Crystal plate arm |   210 |    95 ||   305
Dodge: Dodged            |    58 |     5 ||    63
